General information
- name: BNet
- type: Ladder team game (AT/RT)
- host: Battle.net
- saver: WasteU
map: Deadlands
- players: 8
- length: 27:04
- speed: Fast
- version: 1.27 W3XP
- replay type: Public
» download(171 KB)
Players
team 1 (loser)

»
Ventriac87 (
orange | 40 APM | 1035 actions | 25:40)
3 Mountain King
2 Storm Bolt
1 Bash
4 Paladin
1 Holy Light
2 Divine Shield
1 Devotion Aura
» actions
| Assign group hotkey | 29 | |
| Build / train | 76 | |
| Enter build submenu | 26 | |
| Enter hero's abilities submenu | 8 | |
| Give item / drop item | 2 | |
| Remove unit from queue | 2 | |
| Right click | 406 | |
| Select / deselect | 235 | |
| Select group hotkey | 199 | |
| Use ability | 52 | |
1035 total
» units
| Peasant | 16 | |
| Rifleman | 6 | |
| Mortar Team | 2 | |
| Dragonhawk Rider | 3 | |
| Siege Engine | 6 | |
| Gryphon Rider | 6 | |
| Peon | 3 | |
| Troll Batrider | 6 | |
| Knight | 1 | |
49 total
» upgrades
| Gunpowder | 2 | |
| Masonry | 1 | |
| Armor | 1 | |
| Barrage | 1 | |
5 total
» buildings
| Lumber Mill | 1 | |
| Blacksmith | 1 | |
| Barracks | 1 | |
| Altar of Kings | 1 | |
| Farm | 10 | |
| Scout Tower | 4 | |
| Guard Tower | 3 | |
| Arcane Tower | 1 | |
| Arcane Vault | 2 | |
| Keep | 1 | |
| Workshop | 1 | |
| Gryphon Aviary | 1 | |
| Castle | 1 | |
28 total
» build order
00:39 Lumber Mill
00:53 Blacksmith
01:09 Barracks
01:23 Altar of Kings
01:28 Farm
02:03 Farm
02:13 Scout Tower
02:33 Farm
02:42 Scout Tower
02:47 Farm
02:58 Guard Tower
03:11 Farm
03:42 Arcane Tower
04:07 Arcane Vault
05:00 Keep
06:24 Arcane Vault
06:28 Scout Tower
06:43 Scout Tower
06:57 Guard Tower
07:14 Guard Tower
07:43 Farm
08:27 Workshop
08:47 Gryphon Aviary
10:15 Farm
10:18 Farm
10:19 Farm
10:21 Farm
10:57 Castle
» items
| Scroll of Regeneration | 1 | |
| Scroll of Town Portal | 2 | |
| Orb of Lightning | 1 | |
4 total
WasteU (
blue | 91 APM | 2457 actions | 27:04)
6 Death Knight
3 Death Coil
3 Unholy Aura
4 Lich
2 Frost Nova
2 Frost Armor
» actions
| Assign group hotkey | 33 | |
| Basic commands | 29 | |
| Build / train | 124 | |
| Enter build submenu | 25 | |
| Enter hero's abilities submenu | 10 | |
| Give item / drop item | 19 | |
| Right click | 1033 | |
| Select / deselect | 327 | |
| Select group hotkey | 705 | |
| Use ability | 152 | |
2457 total
» units
| Acolyte | 7 | |
| Ghoul | 3 | |
| Crypt Fiend | 11 | |
| Goblin Shredder | 4 | |
| Goblin Zeppelin | 1 | |
| Obsidian Statue | 3 | |
| Frost Wyrm | 1 | |
| Abomination | 2 | |
32 total
» upgrades
| Creature Attack | 3 | |
| Creature Carapace | 3 | |
| Web | 1 | |
| Burrow | 1 | |
| Disease Cloud | 1 | |
| Destroyer Form | 1 | |
| Unholy Armor | 3 | |
| Freezing Breath | 1 | |
| Cannibalize | 1 | |
| Unholy Strength | 3 | |
18 total
» buildings
| Graveyard | 1 | |
| Crypt | 1 | |
| Altar of Darkness | 1 | |
| Ziggurat | 9 | |
| Tomb of Relics | 2 | |
| Necropolis | 1 | |
| Halls of the Dead | 3 | |
| Nerubian Tower | 3 | |
| Spirit Tower | 16 | |
| Black Citadel | 2 | |
| Sacrificial Pit | 1 | |
| Slaughterhouse | 2 | |
| Boneyard | 2 | |
44 total
» build order
00:08 Graveyard
00:10 Crypt
00:32 Altar of Darkness
00:49 Ziggurat
01:06 Tomb of Relics
02:01 Ziggurat
04:30 Necropolis
04:35 Ziggurat
04:56 Ziggurat
05:50 Halls of the Dead
05:50 Halls of the Dead
06:12 Nerubian Tower
06:23 Spirit Tower
06:23 Spirit Tower
06:23 Spirit Tower
07:44 Nerubian Tower
08:36 Ziggurat
08:39 Tomb of Relics
09:07 Black Citadel
11:57 Ziggurat
11:59 Sacrificial Pit
12:03 Slaughterhouse
12:06 Slaughterhouse
12:14 Spirit Tower
12:14 Spirit Tower
12:15 Ziggurat
12:57 Boneyard
13:00 Boneyard
18:13 Spirit Tower
18:14 Spirit Tower
18:14 Spirit Tower
18:17 Ziggurat
18:19 Ziggurat
20:08 Nerubian Tower
20:08 Spirit Tower
20:09 Spirit Tower
20:09 Spirit Tower
» items
| Rod of Necromancy | 4 | |
| Sacrificial Skull | 7 | |
| Healing Salve | 4 | |
| Periapt of Vitality | 1 | |
| Staff of Teleportation | 1 | |
| Potion of Lesser Invulnerability | 1 | |
| Lesser Clarity Potion | 3 | |
| Scroll of Speed | 2 | |
| Orb of Corruption | 1 | |
24 total

»
oja (
green | 73 APM | 1013 actions | 13:56)
4 Blademaster
2 Wind Walk
2 Critical Strike
» actions
| Build / train | 54 | |
| Enter build submenu | 12 | |
| Enter hero's abilities submenu | 4 | |
| Give item / drop item | 1 | |
| Remove unit from queue | 1 | |
| Right click | 584 | |
| Select / deselect | 299 | |
| Use ability | 58 | |
1013 total
» units
» upgrades
| Ranged Weapons | 3 | |
| Liquid Fire | 1 | |
| Armor | 1 | |
5 total
» buildings
| Altar of Storms | 1 | |
| Orc Burrow | 6 | |
| Voodoo Lounge | 1 | |
| War Mill | 1 | |
| Stronghold | 2 | |
| Fortress | 1 | |
| Beastiary | 2 | |
14 total
» build order
00:20 Altar of Storms
00:22 Orc Burrow
00:49 Voodoo Lounge
01:21 War Mill
02:21 Stronghold
02:54 Orc Burrow
03:16 Orc Burrow
04:43 Fortress
04:44 Beastiary
04:47 Beastiary
06:01 Orc Burrow
13:42 Orc Burrow
13:43 Orc Burrow
» items
| Healing Salve | 2 | |
| Lesser Clarity Potion | 4 | |
| Scroll of Speed | 1 | |
| Orb of Lightning | 1 | |
8 total
PaddyTron78 (
purple | 26 APM | 355 actions | 13:48)
2 Paladin
1 Holy Light
1 Divine Shield
» actions
| Build / train | 39 | |
| Enter build submenu | 21 | |
| Enter hero's abilities submenu | 2 | |
| Right click | 78 | |
| Select / deselect | 192 | |
| Use ability | 23 | |
355 total
» units
» upgrades
| Swords | 2 | |
| Plating | 2 | |
| Lumber Harvesting | 1 | |
| Animal War Training | 1 | |
6 total
» buildings
| Altar of Kings | 1 | |
| Barracks | 3 | |
| Farm | 15 | |
| Lumber Mill | 1 | |
| Blacksmith | 1 | |
| Keep | 1 | |
| Castle | 1 | |
23 total
» build order
00:22 Altar of Kings
00:37 Barracks
00:52 Farm
01:34 Farm
02:03 Barracks
02:20 Farm
02:22 Farm
03:03 Farm
03:04 Farm
03:16 Barracks
03:34 Lumber Mill
03:41 Blacksmith
03:48 Farm
04:38 Farm
04:44 Farm
05:29 Keep
05:36 Farm
05:40 Farm
06:57 Farm
06:58 Farm
07:39 Farm
07:41 Farm
07:50 Castle
team 2 (winner)
ELLENPAGEHOT (
pink | 63 APM | 1697 actions | 27:04)
4 Blademaster
2 Wind Walk
2 Critical Strike
3 Shadow Hunter
2 Hex
1 Healing Wave
» actions
| Assign group hotkey | 27 | |
| Basic commands | 38 | |
| Build / train | 44 | |
| Enter build submenu | 11 | |
| Enter hero's abilities submenu | 7 | |
| Give item / drop item | 1 | |
| Right click | 866 | |
| Select / deselect | 174 | |
| Select group hotkey | 444 | |
| Use ability | 85 | |
1697 total
» units
» upgrades
| Ranged Weapons | 2 | |
| Envenomed Spears | 1 | |
| Reinforced Defenses | 1 | |
| Armor | 2 | |
6 total
» buildings
| Altar of Storms | 1 | |
| Orc Burrow | 4 | |
| Voodoo Lounge | 2 | |
| Stronghold | 2 | |
| War Mill | 1 | |
| Watch Tower | 12 | |
| Beastiary | 2 | |
| Fortress | 1 | |
25 total
» build order
00:07 Altar of Storms
00:22 Orc Burrow
01:23 Voodoo Lounge
02:07 Stronghold
02:07 Stronghold
02:14 War Mill
02:43 Orc Burrow
02:44 Orc Burrow
02:45 Orc Burrow
03:53 Watch Tower
03:53 Watch Tower
03:54 Watch Tower
04:48 Beastiary
05:29 Beastiary
08:29 Fortress
10:05 Watch Tower
10:06 Watch Tower
10:06 Watch Tower
10:07 Watch Tower
14:47 Watch Tower
14:48 Watch Tower
14:48 Watch Tower
14:49 Watch Tower
14:49 Watch Tower
15:20 Voodoo Lounge
» items
| Healing Salve | 2 | |
| Lesser Clarity Potion | 1 | |
| Scroll of Town Portal | 2 | |
| Orb of Lightning | 1 | |
| Tiny Great Hall | 1 | |
| Staff of Teleportation | 1 | |
8 total
CyberPunkAesthe (
yellow | 66 APM | 1793 actions | 27:04)
7 Archmage
3 Summon Water Elemental
3 Brilliance Aura
1 Mass Teleport
» actions
| Assign group hotkey | 44 | |
| Basic commands | 46 | |
| Build / train | 82 | |
| Enter build submenu | 37 | |
| Enter hero's abilities submenu | 8 | |
| Give item / drop item | 3 | |
| Remove unit from queue | 1 | |
| Right click | 641 | |
| Select / deselect | 328 | |
| Select group hotkey | 470 | |
| Use ability | 133 | |
1793 total
» units
| Peasant | 14 | |
| Footman | 5 | |
| Goblin Shredder | 1 | |
| Gryphon Rider | 8 | |
| Dragonhawk Rider | 2 | |
30 total
» upgrades
| Masonry | 3 | |
| Swords | 3 | |
| Armor | 4 | |
| Animal War Training | 1 | |
| Storm Hammers | 1 | |
| Cloud | 1 | |
13 total
» buildings
| Altar of Kings | 2 | |
| Barracks | 1 | |
| Farm | 10 | |
| Scout Tower | 11 | |
| Arcane Tower | 2 | |
| Lumber Mill | 1 | |
| Keep | 1 | |
| Arcane Vault | 1 | |
| Town Hall | 3 | |
| Guard Tower | 5 | |
| Castle | 1 | |
| Gryphon Aviary | 4 | |
| Blacksmith | 2 | |
44 total
» build order
00:38 Altar of Kings
00:50 Altar of Kings
00:53 Barracks
00:55 Farm
01:04 Farm
01:10 Farm
01:38 Farm
02:01 Scout Tower
02:43 Arcane Tower
03:24 Lumber Mill
03:55 Keep
04:08 Arcane Vault
04:26 Town Hall
04:31 Scout Tower
04:34 Scout Tower
04:36 Scout Tower
04:38 Scout Tower
04:58 Guard Tower
05:02 Guard Tower
05:04 Guard Tower
05:11 Guard Tower
06:05 Scout Tower
06:55 Arcane Tower
06:57 Castle
07:50 Farm
08:16 Gryphon Aviary
08:18 Gryphon Aviary
08:21 Gryphon Aviary
08:46 Gryphon Aviary
08:49 Blacksmith
08:52 Blacksmith
10:40 Farm
10:40 Farm
10:41 Farm
11:28 Scout Tower
11:29 Scout Tower
11:30 Scout Tower
11:48 Scout Tower
11:49 Scout Tower
13:39 Guard Tower
15:53 Farm
15:55 Farm
19:24 Town Hall
22:11 Town Hall
» items
| Scroll of Regeneration | 5 | |
| Mechanical Critter | 4 | |
| Lesser Clarity Potion | 1 | |
| Potion of Healing | 3 | |
| Scroll of Town Portal | 2 | |
| Potion of Mana | 1 | |
| Staff of Teleportation | 1 | |
| Periapt of Vitality | 1 | |
| Staff of Sanctuary | 2 | |
20 total
DougFunny (
teal | 50 APM | 1316 actions | 26:09)
3 Mountain King
1 Thunder Clap
2 Storm Bolt
» actions
| Assign group hotkey | 35 | |
| Basic commands | 48 | |
| Build / train | 62 | |
| ESC pressed | 1 | |
| Enter build submenu | 30 | |
| Enter hero's abilities submenu | 3 | |
| Give item / drop item | 3 | |
| Remove unit from queue | 1 | |
| Right click | 620 | |
| Select / deselect | 265 | |
| Select group hotkey | 193 | |
| Use ability | 54 | |
1316 total
» units
| Peasant | 6 | |
| Footman | 8 | |
| Knight | 7 | |
| Flying Machine | 8 | |
29 total
» upgrades
| Masonry | 2 | |
| Defend | 1 | |
| Swords | 2 | |
| Lumber Harvesting | 2 | |
| Flying Machine Bombs | 1 | |
| Flak Cannons | 1 | |
9 total
» buildings
| Barracks | 1 | |
| Farm | 5 | |
| Altar of Kings | 1 | |
| Scout Tower | 8 | |
| Arcane Tower | 1 | |
| Arcane Vault | 1 | |
| Keep | 1 | |
| Lumber Mill | 1 | |
| Blacksmith | 1 | |
| Guard Tower | 5 | |
| Castle | 1 | |
| Workshop | 1 | |
| Town Hall | 1 | |
28 total
» build order
00:12 Barracks
00:27 Farm
00:41 Altar of Kings
01:09 Farm
01:55 Scout Tower
02:10 Farm
02:17 Arcane Tower
03:32 Arcane Vault
03:46 Keep
03:48 Lumber Mill
04:35 Farm
05:25 Blacksmith
05:45 Scout Tower
07:22 Guard Tower
07:23 Castle
09:56 Workshop
10:19 Scout Tower
12:39 Scout Tower
14:13 Guard Tower
15:27 Farm
17:19 Scout Tower
17:20 Scout Tower
17:22 Scout Tower
17:25 Scout Tower
17:53 Guard Tower
18:11 Guard Tower
18:22 Guard Tower
21:35 Town Hall
» items
| Lesser Clarity Potion | 1 | |
| Scroll of Regeneration | 2 | |
| Potion of Healing | 2 | |
| Scroll of Town Portal | 3 | |
| Ivory Tower | 1 | |
| Staff of Sanctuary | 1 | |
| Orb of Fire | 1 | |
11 total

»
mattybatty (
red | 50 APM | 1156 actions | 23:20)
3 Priestess of the Moon
1 Scout
2 Trueshot Aura
» actions
| Assign group hotkey | 28 | |
| Build / train | 70 | |
| ESC pressed | 4 | |
| Enter build submenu | 20 | |
| Enter hero's abilities submenu | 3 | |
| Right click | 451 | |
| Select / deselect | 264 | |
| Select group hotkey | 230 | |
| Use ability | 86 | |
1156 total
» units
| Wisp | 16 | |
| Huntress | 7 | |
| Hippogryph | 14 | |
| Druid of the Talon | 3 | |
40 total
» upgrades
| Sentinel | 1 | |
| Well Spring | 1 | |
| Corrosive Breath | 1 | |
3 total
» buildings
| Moon Well | 8 | |
| Altar of Elders | 2 | |
| Hunter's Hall | 1 | |
| Ancient of War | 1 | |
| Tree of Ages | 3 | |
| Ancient of Wonders | 1 | |
| Ancient of Wind | 2 | |
| Tree of Eternity | 1 | |
| Chimaera Roost | 3 | |
| Tree of Life | 2 | |
24 total
» build order
00:27 Moon Well
00:41 Altar of Elders
01:16 Hunter's Hall
01:56 Ancient of War
02:12 Moon Well
03:09 Moon Well
03:36 Tree of Ages
03:37 Tree of Ages
03:37 Tree of Ages
04:10 Moon Well
05:41 Moon Well
05:53 Ancient of Wonders
06:06 Ancient of Wind
06:13 Ancient of Wind
06:40 Tree of Eternity
09:49 Chimaera Roost
10:03 Chimaera Roost
10:10 Moon Well
12:02 Moon Well
13:54 Chimaera Roost
16:50 Tree of Life
22:28 Tree of Life
22:38 Altar of Elders
22:45 Moon Well
» items
| Scroll of Town Portal | 6 | |
| Potion of Healing | 5 | |
| Healing Salve | 1 | |
| Lesser Clarity Potion | 1 | |
13 total
Chat log
(00:08 / Allies) WasteU: ty
(00:11 / Allies) oja: np
(01:01 / All) ELLENPAGEHOT: who thinks the canadian prime minster is dreamy
(01:08 / All) mattybatty: me!
(01:13 / All) CyberPunkAesthe: cucks
(01:16 / All) WasteU: he's a cuck
(01:21 / All) WasteU: cucking out canada
(01:26 / All) WasteU: can't wait til trump wins so I can move to the states
(01:27 / All) ELLENPAGEHOT: da fuk is a cuck
(01:27 / All) CyberPunkAesthe: it is the current year
(01:34 / All) CyberPunkAesthe: ask ur mom and dad
(01:36 / All) oja: if trump wins ww3 is on
(01:39 / All) mattybatty: who is doing her if u call him cuck
(01:44 / All) DougFunny: XD toom uch alraedy lol
(01:56 / All) Ventriac87: ww3 is real if trump wins
(02:02 / All) ELLENPAGEHOT: cruz us 100x worse than ctrump he eats his own bugers
(02:03 / All) CyberPunkAesthe: derp
(02:14 / All) CyberPunkAesthe: trumps a loose cannon!!!11
(02:30 / All) CyberPunkAesthe: are you morons familiar at all with shillary clinton?
(02:55 / All) DougFunny: fuck bash
(03:14 / All) WasteU: bash on creeps is so gay
(03:19 / All) oja: truew
(03:51 / Allies) oja: purple 3x mann footies ?
(03:53 / Allies) PaddyTron78: diablo 3 after this?
(04:03 / Allies) PaddyTron78: going knights
(04:07 / Allies) oja: kk
(04:11 / Allies) WasteU: you two know each other?
(04:28 / Allies) PaddyTron78: im his future step dad
(04:45 / All) Ventriac87: cunt
(05:02 / All) ELLENPAGEHOT: say trump is #1 and ill leave u alone
(05:11 / All) oja: never happening:SS:
(05:25 / Allies) WasteU: 100 wood?
(05:29 / Allies) WasteU: ty
(06:36 / Allies) oja: 2late
(06:39 / Allies) oja: towers up
(08:52 / Allies) WasteU: ty
(09:01 / Allies) oja: ty
(09:18 / All) CyberPunkAesthe: nice mh you little queer
(09:21 / All) oja: lol
(09:31 / All) CyberPunkAesthe: yep you just happened to stroll by twice
(10:06 / Allies) PaddyTron78: are there really wc3 hacks/
(10:15 / Allies) WasteU: no
(10:37 / Allies) PaddyTron78: cause wc2 and sc1 used to have them
(10:52 / Allies) WasteU: tons of people have mh
(11:58 / Allies) oja: blue3k gold
(12:04 / Allies) WasteU: saving up
(12:26 / Allies) PaddyTron78: need aa
(12:30 / Allies) WasteU: researching web
(12:35 / Allies) WasteU: forgot it lawl
(13:01 / Allies) oja: ty for help guys
(13:08 / Allies) PaddyTron78: i only have knights
(14:00 / All) WasteU: lol
(14:01 / All) ELLENPAGEHOT: babies
(14:02 / All) ELLENPAGEHOT: Today
(15:20 / Allies) Ventriac87: tree
(19:54 / All) WasteU: wow your team is even worse than mine except mine pussed out lol
(20:13 / All) ELLENPAGEHOT: america > mexico orange
(20:23 / All) CyberPunkAesthe: green crossed me, he oughtn't have done it
(20:51 / All) mattybatty: o rly
(23:13 / All) WasteU: lol
(23:50 / All) CyberPunkAesthe: I've had games with orange before
(24:22 / Allies) Ventriac87: .
(24:27 / All) Ventriac87: Me?
(25:47 / All) WasteU: Bad luck for you
(26:05 / All) CyberPunkAesthe: Bad news teals
(26:12 / All) CyberPunkAesthe: lol
(26:18 / All) CyberPunkAesthe: ur team got 3 but lets stats
(26:26 / All) WasteU: Green 2-3
(26:31 / All) WasteU: Orange 74-75
(26:40 / All) CyberPunkAesthe: I say green lose
(26:40 / All) WasteU: Purp 6-15 LMAO
(26:41 / All) CyberPunkAesthe: I hate him
(26:50 / All) WasteU: what's your stats like
(26:55 / All) WasteU: purp has one of the lowest I've evrseen lol
(26:59 / All) CyberPunkAesthe: only red has real stats
(27:02 / All) WasteU: lawl
(27:03 / All) WasteU: k